 Dungeon Crawl Stone Soup version 0.30-a0-840-ga523dec638 (console) character file.

Game seed: 1200729909126405322

511 jejorda2 the Spear-Bearer (level 7, -3/56 HPs)
             Began as a Merfolk Berserker on Mar 1, 2023.
             Was a Follower of Trog.
             Constricted to death by Pikel (5 damage)
             ... on level 4 of the Dungeon.
             The game lasted 00:05:18 (3113 turns).

jejorda2 the Spear-Bearer (Merfolk Berserker)       Turns: 3113, Time: 00:05:18

Health: -3/56      AC:  4    Str: 19    XL:     7   Next: 19%
Magic:  7/7        EV:  9    Int:  7    God:    Trog [*.....]
Gold:   116        SH:  0    Dex: 13    Spells: 6/6 levels left

rFire   . . .      SeeInvis .    a - +0 spear
rCold   . . .      Faith    .    (no shield)
rNeg    + . .      Spirit   .    w - +0 leather armour
rPois   .          Reflect  .    (no helmet)
rElec   .          Harm     .    (no cloak)
rCorr   .          Rampage  .    e - +0 pair of gloves
Will    .....                    (no boots)
Stlth   +                        (no amulet)
HPRegen 0.29/turn                b - ring of positive energy
MPRegen 0.10/turn                (no ring)

@: grasped by roots, on berserk cooldown, slowed, constricted, very slow
A: (nimble swimmer 2), mertail
a: Renounce Religion, Berserk


You were on level 4 of the Dungeon.
You worshipped Trog.
Trog was aware of your devotion.
You visited 1 branch of the dungeon, and saw 4 of its levels.

You collected 116 gold pieces.

Inventory:

Hand Weapons
 a - a +0 spear (weapon)
Missiles
 d - 20 stones (quivered)
 l - 3 poisoned darts
 v - 6 datura-tipped darts
Armour
 e - a +0 pair of gloves (worn)
 w - a +0 leather armour (worn)
Jewellery
 b - a ring of positive energy (left hand)
Scrolls
 c - 5 scrolls of teleportation {unknown}
 f - a scroll of noise {unknown}
 g - a scroll of silence {unknown}
 h - a scroll of brand weapon {unknown}
 i - 4 scrolls of identify {unknown}
 m - a scroll of enchant armour {unknown}
 n - 2 scrolls of poison {unknown}
 p - a scroll of enchant weapon {unknown}
 s - a scroll of immolation {unknown}
 t - a scroll of fear {unknown}
 u - a scroll of fog {unknown}
Potions
 j - a potion of cancellation {unknown}
 k - a potion of lignification {unknown}
 o - a potion of haste {unknown}
 q - a potion of curing {unknown}


   Skills:
 - Level 5.0 Fighting
 * Level 8.9 Polearms
 + Level 2.2 Armour
 - Level 2.6 Dodging


You had 6 spell levels left.
You didn't know any spells.
Your spell library was empty.

Dungeon Overview and Level Annotations

Branches:
Dungeon (4/15)
 Temple: D:4-7

Altars:
Ashenzari
Zin

Annotations:
D:4 Pikel


Innate Abilities, Weirdness & Mutations

((You are very nimble when in or above water. (Stealth+, EV+, Speed+++)))
Your lower body shifts to a powerful aquatic tail in water.


Message History

Aim: Pikel, wielding a +0 whip of flaming, wearing a +0 robe and carrying a wand of roots (5) (heavily wounded, about 40% to evade your +0 spear)
You reach to attack!
You barely miss Pikel.
Pikel is heavily wounded.
You escape the roots grasp.
A lemure comes into view.
Pikel zaps a wand.
The roots erupt in riotous growth!
The grasping roots grab you!
Pikel is unaffected.
The grasping roots constrict you.
An adder comes into view.
The lemure moves out of view.
You barely miss Pikel. You punch Pikel.
Pikel is severely wounded.
Pikel hits you with a +0 whip of flaming.
Pikel burns you. The grasping roots constrict you!
* * * LOW HITPOINT WARNING * * *
You closely miss Pikel.
Pikel is severely wounded.
You closely miss Pikel.
Pikel is severely wounded.
You hit Pikel.
Pikel is almost dead.
Pikel hits you with a +0 whip of flaming.
* * * LOW HITPOINT WARNING * * *
Pikel burns you.
* * * LOW HITPOINT WARNING * * *
The grasping roots constrict you!
* * * LOW HITPOINT WARNING * * *
The roots grasp on you weakens, but your attempt to escape fails.
A lemure comes into view.
Pikel barely misses you. The grasping roots constrict you.
* * * LOW HITPOINT WARNING * * *
You escape the roots grasp.
You feel a strong urge to attack something.
You are no longer berserk.
You are exhausted.
You feel yourself slow down.
Pikel zaps a wand.
The roots erupt in riotous growth!
The grasping roots grab you! The grasping roots constrict you.
You die...

#.#########...# ###...... #.##
#...# #.......# #..# #...#
#..#..... #####.### #...#
#..#..... #.......# #...#
#..###...
#.###.#)######...#####..###..#
###.#..................<...#
#.......................##.#..
#.##..#......@...............#
.......####.#....######.#....
#.###.#.# #K#....# #...### #
...#.# #r#....# ##.## ... ..#
#.#55..# ##.## #.# ###
#S#5...# #...### #.....>#
#...... ###...## #...###
.S...... #####


You could see Pikel, 3 lemures, an adder and a quokka.

Vanquished Creatures
  Grinder (D:3)
  An ogre (D:4)
  A black bear (D:4)
  A hound (D:4)
  An adder (D:2)
  4 gnolls
  A worm (D:3)
  A dart slug (D:1)
  3 orcs (D:4)
  4 ball pythons
  5 bats
  4 endoplasms
  5 giant cockroaches
  5 goblins
  6 hobgoblins
  4 jackals (D:4)
  A frilled lizard (D:2)
  2 kobolds
  4 rats
54 creatures vanquished.

Notes
Turn   | Place    | Note
-------+----------+-------------------------------------------
     0 | D:1      | jejorda2 the Merfolk Berserker began the quest for the Orb.
     0 | D:1      | Reached XP level 1. HP: 18/18 MP: 1/1
    93 | D:1      | Reached XP level 2. HP: 18/24 MP: 2/2
   292 | D:1      | Reached skill level 5 in Polearms
   292 | D:1      | Reached XP level 3. HP: 30/30 MP: 3/3
   670 | D:2      | Reached ** piety under Trog
  1757 | D:3      | Noticed Grinder
  1773 | D:3      | Killed Grinder
  1774 | D:3      | Reached skill level 7 in Polearms
  1774 | D:3      | Reached XP level 4. HP: 38/38 MP: 4/4
  1774 | D:3      | Reached XP level 5. HP: 43/43 MP: 5/5
  1774 | D:3      | Reached XP level 6. HP: 50/50 MP: 6/6
  2067 | D:3      | Found a broken altar of Ashenzari.
  2258 | D:3      | Reached skill level 5 in Fighting
  2440 | D:4      | Reached skill level 8 in Polearms
  2467 | D:4      | HP: 1/51 [gnoll/+0 spear (4)]
  2902 | D:4      | Noticed a black bear
  2911 | D:4      | Killed a black bear
  2912 | D:4      | Reached XP level 7. HP: 56/56 MP: 7/7
  2971 | D:4      | Found a glowing silver altar of Zin.
  3091 | D:4      | Noticed Pikel
  3109 | D:4      | HP: 2/84 [constriction (5)]
  3113 | D:4      | Constricted to death by Pikel

Illustrated notes

Levels and vault maps discovered:
D:1:      scummos_arrival_forest, layout_basic, minivault_11
D:2:      layout_basic, lightli_corner_chamber
D:3:      layout_loops_ring, mainiacjoe_overflow_catwalk, uniq_grinder
D:4:      layout_loops_cross, lemuel_coloured_pillars_altar,
          jmf_multi_god_temple2, uniq_pikel

Skill      XL: |  1  2  3  4  5  6 |
---------------+-------------------+-----
Polearms       | 5 7 8 |  8.9
Fighting       | 4 5 |  5.0
Armour         | 2 |  2.2
Dodging        | |  2.6

Action                     |  1- 3 |  4- 6 |  7- 9 || total
---------------------------+-------+-------+-------++-------
  Melee: Spear             |   125 |    97 |    29 ||   251
         Punch             |     1 |       |     1 ||     2
 Invoke: Berserk           |     2 |     2 |     1 ||     5
         Trog's Hand       |     1 |     1 |     1 ||     3
   Stab: Sleeping          |     2 |       |       ||     2
 Armour: Animal skin       |    20 |       |       ||    20
         Leather armour    |       |     8 |     3 ||    11
  Dodge: Dodged            |    45 |    31 |    14 ||    90

Table legend: (Time is in decaauts)
 A = Elapsed time spent in this place.
 B = Non-inter-level travel time spent in this place.
 C = Inter-level travel time spent in this place.
 D = Time resting spent in this place.
 E = Time spent auto-exploring this place.
 F = Levels seen in this place.
 G = Mean time per level.
                   A        B        C        D        E       F      G
               +--------+--------+--------+--------+--------+-----+--------+
         Total |   3093 |   3018 |     75 |    117 |   2452 |   4 |  773.2 |
       Dungeon |   3093 |   3018 |     75 |    117 |   2452 |   4 |  773.2 |
               +--------+--------+--------+--------+--------+-----+--------+

Top non-repeatable levels by time:
     D:2: 1035 daAuts
     D:3: 860 daAuts
     D:1: 669 daAuts
     D:4: 528 daAuts
